 Dungeon Crawl Stone Soup version 0.20-a0-19-gd4fea00 (webtiles) character file.

853 KristoblXynda the Chopper (level 7, -6/56 HPs)
             Began as a Minotaur Skald on Nov 7, 2016.
             Was a Follower of Ashenzari.
             Mangled by an orc warrior
             ... wielding a +0 battleaxe
              (25 damage)
             ... on level 6 of the Dungeon.
             The game lasted 00:08:11 (4022 turns).

KristoblXynda the Chopper (Minotaur Skald)          Turns: 4022, Time: 00:08:12

Health: -6/56      AC:  9    Str: 22    XL:     7   Next: 70%
Magic:  17/17      EV: 11    Int: 11    God:    Ashenzari [*.....]
Gold:   7          SH:  0    Dex:  9    Spells: 3 memorised, 2 levels left

rFire  . . .     SeeInvis .     m - +1 war axe
rCold  . . .     Gourm    .     o - +0 ring mail
rNeg   . . .     Faith    .     (no shield)
rPois  .         Spirit   .     (helmet restricted)
rElec  .         Reflect  .     (no cloak)
rCorr  .         Harm     .     v - +2 pair of gloves (curse)
MR     .....                    (no boots)
Stlth  ..........               l - amulet of regeneration
                                e - ring of magical power
                                n - +3 ring of slaying (curse)

@: mighty
A: retaliatory headbutt, horns 2
a: Curse Item, Scrying, Renounce Religion


You were on level 6 of the Dungeon.
You worshipped Ashenzari.
Ashenzari was aware of your devotion.
You were not hungry.

You visited 2 branches of the dungeon, and saw 7 of its levels.

You collected 274 gold pieces.
You spent 267 gold pieces at shops.

Inventory:

Hand Weapons
 m - a +1 war axe (weapon)
Armour
 o - a +0 ring mail (worn)
 u - a +1 shield
 v - a cursed +2 pair of gloves (worn)
Jewellery
 e - a ring of magical power (right hand)
 l - an amulet of regeneration (around neck)
 n - a cursed +3 ring of slaying (left hand)
Scrolls
 b - a scroll of remove curse
 f - a scroll of immolation
 k - a scroll of teleportation
 p - a scroll of magic mapping
 x - a scroll of identify
Potions
 a - 2 potions of ambrosia
 g - a potion of agility
 h - a potion of lignification {unknown}
 j - 2 potions of cure mutation
 q - 2 potions of heal wounds
 s - 2 potions of curing
 t - a potion of invisibility {unknown}
 z - a potion of flight {unknown}
Books
 c - a book of Battle

   Spells                             Type                      Level
   a - Infusion                       Charms                       1
   b - Shroud of Golubria             Charms/Translocation         2
   c - Song of Slaying                Charms                       2
   d - Spectral Weapon                Hexes/Charms                 3
   e - Regeneration                   Charms/Necromancy            3
 y - a book of Minor Magic

   Spells                             Type                      Level
   a - Magic Dart                     Conjuration                  1
   b - Blink                          Translocation                2
   c - Call Imp                       Summoning                    2
   d - Repel Missiles                 Charms/Air                   2
   e - Slow                           Hexes                        2
   f - Conjure Flame                  Conjuration/Fire             3
   g - Mephitic Cloud                 Conjuration/Poison/Air       3
Comestibles
 d - 3 bread rations
 i - 3 meat rations
 r - a beef jerky


   Skills:
 - Level 2.4 Fighting
 + Level 6.6 Axes
 + Level 6.1 Armour
 - Level 1.1 Dodging
 - Level 1.3 Spellcasting
 + Level 3.8 Charms


You had 2 spell levels left.
You knew the following spells:

 Your Spells              Type           Power        Failure   Level  Hunger
a - Infusion              Chrm           #...         12%         1    ##.....
b - Regeneration          Chrm/Necr      #.........   73%         3    ####...
c - Blink                 Tloc           N/A          80%         2    ###....


Dungeon Overview and Level Annotations

Branches:
Dungeon (6/15)             Temple (1/1) D:4

Altars:
Ashenzari
Cheibriados
Elyvilon
Gozag
Hepliaklqana
Kikubaaqudgha
Makhleb
Nemelex Xobeh
Okawaru
Qazlal
Sif Muna
Trog
Uskayaw
Vehumet
Xom
Yredelemnul
Zin
The Shining One

Shops:
D:6 [:*


Innate Abilities, Weirdness & Mutations

You reflexively headbutt those who attack you in melee.
You have a pair of horns on your head.


Message History

You hear a shout!
The black bear barely misses you. The black bear completely misses you.
The black bear claws you.
You slash the black bear!
You kill the black bear!
Your Armour skill increases to level 6!
You slice the orc warrior!!
The orc warrior is almost dead.
The orc warrior misses you.
All of the chunks of flesh in your inventory have rotted away.
You closely miss the orc warrior.
The orc warrior is almost dead.
The orc warrior hits you with a battleaxe.
You barely miss the orc warrior. Your headbutt misses the orc warrior.
The orc warrior is almost dead.
The orc warrior misses you.
You barely miss the orc warrior.
The orc warrior is almost dead.
The orc warrior hits you with a battleaxe!!
You die... #.# #.# ..# Fo#

#o# #o# #o#
#@###############
#..........∩....#
#.#############.#
.<.# #.# ###.#
#∩## #.# #... ..%
#### ..# #.


You could see an orc warrior, a bullfrog and 3 orcs.

Vanquished Creatures
  2 black bears (D:6)
  A centaur (D:5)
  A scorpion (D:5)
  2 bullfrog skeletons
  4 orc priests
  2 iguanas
  2 orc wizards
  2 worker ants
  A hound skeleton (D:4)
  A worker ant zombie (D:6)
  10 adders
  A shadow imp (D:6)
  An adder skeleton (D:4)
  A worm (D:3)
  A leopard gecko (D:2)
  15 orcs
  3 ball pythons
  7 bats
  4 giant cockroaches
  6 goblins
  10 hobgoblins
  4 jackals (D:6)
  2 quokkas (D:4)
  5 frilled lizards
  8 kobolds
  A leopard gecko skeleton (D:4)
  A quokka skeleton (D:5)
  9 rats
  3 toadstools (D:1)
110 creatures vanquished.

Vanquished Creatures (others)
  A shadow imp (D:5)
  2 toadstools (D:1)
3 creatures vanquished.

Grand Total: 113 creatures vanquished

Notes
Turn   | Place    | Note
-------+----------+-------------------------------------------
     0 | D:1      | KristoblXynda the Minotaur Skald began the quest for the Orb.
     0 | D:1      | Reached XP level 1. HP: 18/18 MP: 1/1
   259 | D:1      | Reached XP level 2. HP: 20/25 MP: 3/3
   482 | D:2      | Found a radiant altar of Vehumet.
   917 | D:2      | Found a bloodstained altar of Trog.
   934 | D:2      | Reached XP level 3. HP: 30/30 MP: 4/4
  1058 | D:2      | Found a hazy altar of Hepliaklqana.
  1263 | D:3      | Gained mutation: You have a pair of large horns on your head. [potion of beneficial mutation]
  1264 | D:3      | Lost mutation: You have a pair of large horns on your head. [potion of cure mutation]
  1274 | D:3      | Reached XP level 4. HP: 9/37 MP: 5/5
  1573 | D:3      | Found a white marble altar of Elyvilon.
  1573 | D:3      | Found a glowing silver altar of Zin.
  1574 | D:3      | Found a glowing golden altar of the Shining One.
  1636 | D:4      | Found a staircase to the Ecumenical Temple.
  1659 | Temple   | Entered the Ecumenical Temple
  1886 | Temple   | Became a worshipper of Ashenzari the Shackled
  1986 | D:4      | Reached XP level 5. HP: 40/42 MP: 6/6
  2019 | D:4      | HP: 2/42 [orc priest/short sword (5)]
  2230 | D:4      | Reached XP level 6. HP: 30/50 MP: 7/7
  2488 | D:4      | Reached skill level 5 in Axes
  3005 | D:5      | Entered Level 5 of the Dungeon
  3010 | D:5      | Learned a level 3 spell: Regeneration
  3072 | D:5      | Reached skill level 5 in Armour
  3502 | D:5      | Reached XP level 7. HP: 45/56 MP: 8/8
  3598 | D:5      | Reached * piety under Ashenzari
  3791 | D:6      | Found Faockimo's Assorted Antiques.
  3811 | D:6      | Bought a viscous emerald potion for 27 gold pieces
  3980 | D:6      | Found Foparrug's Book Emporium.
  3987 | D:6      | Bought a book of Minor Magic for 240 gold pieces
  3990 | D:6      | Learned a level 2 spell: Blink
  3991 | D:6      | Found Veorr's Antique Armour Shop.
  4022 | D:6      | Mangled by an orc warrior

Vault maps used:
D:1:      ldierk_walled_garden, nrook_mini_vaults
D:2:      lemuel_round_altar, fiery_altar_vehumet, trog_butcher_becter
D:3:      good_gods_temple_1
D:4:      first_bread
D:5:      lemuel_old_faithful
D:6:      grunt_dithmenos_shadows, serial_shops, shop, shop, shop,
          nicolae_shop_trees, shop_coins, uniq_grinder
Temple:   oiseaux_autumnal_temple

Skill      XL: |  1  2  3  4  5  6  7 |
---------------+----------------------+-----
Armour         | 2 3 4 5 6 |  6.1
Axes           | 3 4 5 6 |  6.6
Charms         | 3 |  3.8
Fighting       | |  2.4
Dodging        | |  1.1
Spellcasting   | |  1.3

Action                   |  1- 3 |  4- 6 |  7- 9 || total
-------------------------+-------+-------+-------++-------
Melee: Hand axe          |    91 |    66 |       ||   157
       Headbutt          |    11 |    21 |     7 ||    39
       War axe           |       |    44 |    50 ||    94
Invok: Curse Item        |       |     2 |       ||     2
  Use: Potion            |     4 |     3 |     1 ||     8
       Scroll            |       |     8 |     3 ||    11
  Eat: Chunk             |     1 |     1 |     2 ||     4
       Pizza             |       |     1 |       ||     1
       Bread ration      |       |     1 |       ||     1
Armor: Leather armour    |    17 |       |       ||    17
       Ring mail         |    17 |    60 |    30 ||   107
Dodge: Dodged            |    50 |    64 |    34 ||   148
